 Dungeon Crawl Stone Soup version 0.17-a0-227-gf5308cc (webtiles) character file.

8661 Nik3 the Unseen (level 11, -2/46 (47) HPs)
             Began as a Spriggan Enchanter on Mar 30, 2015.
             Was a Follower of Dithmenos.
             Slain by a hill giant
             ... wielding a +0 giant club
              (27 damage)
             ... on level 10 of the Dungeon.
             The game lasted 00:25:30 (8787 turns).

Nik3 the Unseen (Spriggan Enchanter)                Turns: 8787, Time: 00:25:30

HP:   -2/46 (47)    AC:  4    Str:  4    XL:     11   Next: 12%
MP:   25/32         EV: 25    Int: 20    God:    Dithmenos [*.....]
Gold: 1135          SH:  9    Dex: 17    Spells: 6 memorised, 16 levels left

rFire  + . .     SeeInvis +     t - +1 dagger (holy)
rCold  + . .     Clarity  .     b - +1 robe
rNeg   . . .     SustAb   .     G - +2 buckler
rPois  .         Gourm    .     (helmet restricted)
rElec  .         Spirit   .     r - +0 cloak
rCorr  .         Warding  .     (gloves unavailable)
rMut   .         Stasis   .     (boots unavailable)
MR     +....                    (no amulet)
Stlth  +++++++++.               T - ring of protection from cold (curse)
                                V - ring of protection from fire

@: wreathed by umbra, very quick, somewhat resistant to hostile enchantments,
incredibly stealthy
A: unfitting armour, see invisible, herbivore 3, speed 3, slow metabolism 2
a: Renounce Religion


You were on level 10 of the Dungeon.
You worshipped Dithmenos.
Dithmenos was aware of your devotion.
You were not hungry.

You visited 1 branch of the dungeon, and saw 10 of its levels.

You collected 1168 gold pieces.
You spent 33 gold pieces at shops.

Inventory:

Hand weapons
 a - a +1 dagger
 n - a +1 dagger of speed
 t - a +1 dagger of holy wrath (weapon)
Armour
 b - a +1 robe (worn)
 r - a +0 cloak (worn)
 G - a +2 buckler (worn)
Rods
 S - a +0 lightning rod (12/12)
   (You found it on level 9 of the Dungeon)
Jewellery
 i - an uncursed ring of protection from magic
 o - a +3 ring of dexterity
 L - an uncursed ring of magical power
 T - a cursed ring of protection from cold (right hand)
 V - a ring of protection from fire (left hand)
Magical devices
 q - a wand of slowing (28)
 v - a wand of fire (9)
 z - a wand of disintegration (11)
 F - a wand of digging (7)
 J - a wand of random effects (24)
 K - a wand of fireball (7)
 M - a wand of paralysis (2)
 N - a wand of paralysis (12)
 P - a wand of random effects (23)
 U - a wand of flame (18)
Scrolls
 e - 3 scrolls of fog
 f - 2 scrolls of blinking
 g - 3 scrolls of remove curse
 m - 4 scrolls of teleportation {unknown}
 u - 3 scrolls of enchant weapon {unknown}
 w - 3 scrolls of random uselessness {unknown}
 y - a scroll of immolation {unknown}
 B - 2 scrolls of amnesia {unknown}
 C - 3 scrolls of recharging {unknown}
 O - 2 scrolls of holy word {unknown}
 W - a scroll of magic mapping {unknown}
 X - 2 scrolls of noise {unknown}
 Y - 2 scrolls of identify
Potions
 h - 3 potions of degeneration
 j - 3 potions of curing
 k - 2 potions of might
 l - a potion of magic {unknown}
 p - a potion of heal wounds
 s - a potion of flight
 A - 3 potions of haste
 E - a potion of beneficial mutation {unknown}
 H - a potion of lignification
 Q - a potion of restore abilities {unknown}
 R - a potion of agility {unknown}
Books
 c - a book of Maledictions

   Spells                             Type                      Level
   a - Corona                         Hexes                        1
   b - Ensorcelled Hibernation        Hexes/Ice                    2
   c - Confuse                        Hexes                        3
   d - Dazzling Spray                 Conjuration/Hexes            3
   e - Enslavement                    Hexes                        4
 x - a book of Party Tricks

   Spells                             Type                      Level
   a - Summon Butterflies             Summoning                    1
   b - Apportation                    Translocation                1
   c - Tukima's Dance                 Hexes                        3
   d - Alistair's Intoxication        Transmutation/Poison         4
   e - Invisibility                   Hexes                        6
Comestibles
 d - 6 bread rations
 D - 10 slices of pizza


   Skills:
 - Level 5.0 Short Blades
 + Level 10.2 Dodging
 * Level 16.7 Stealth
 + Level 3.9 Shields
 * Level 9.4 Spellcasting
 - Level 5.2 Hexes
 - Level 4.3 Translocations


You had 16 spell levels left.
You knew the following spells:

 Your Spells              Type           Power        Failure   Level  Hunger
a - Corona                Hex            ####...      1%          1    None
b - Ensorcelled Hibernat  Hex/Ice        ###...       6%          2    None
c - Confuse               Hex            ####....     3%          3    None
d - Apportation           Tloc           ####......   1%          1    None
e - Summon Butterflies    Summ           #.......     12%         1    None
f - Enslavement           Hex            ####....     12%         4    ###....


Dungeon Overview and Level Annotations

Branches:
Dungeon (10/15)              Lair (0/8) D:10            Orc (0/4) D:9
 Temple: D:4-7

Altars:
Ashenzari
Cheibriados
Dithmenos
Fedhas
Makhleb
Ru
Trog
Xom
Yredelemnul
Zin
The Shining One

Shops:
D:4 [   D:5 *   D:6 *

Portals:
Bailey: D:10

Annotations:
D:3 1 exclusion
D:6 1 exclusion


Innate Abilities, Weirdness & Mutations

You are tiny and cannot use many weapons and most armour.
You have supernaturally acute eyesight.
You are a herbivore.
You cover ground extremely quickly.
You need consume almost no food.


Message History

The worker ant completely misses you.
Casting: Ensorcelled Hibernation
Confirm with . or Enter, or press ? or * to list all spells.
Aiming: Ensorcelled Hibernation
Press: ? - help, Shift-Dir - straight line, f/p - hill giant
Aim: a hill giant, wielding a giant club (chance 32%)
The worker ant looks drowsy...
The helpless worker ant fails to defend itself.
You hit the worker ant!!!!
You kill the worker ant!
Dithmenos accepts your kill.
Casting: Ensorcelled Hibernation
Confirm with . or Enter, or press ? or * to list all spells.
Aiming: Ensorcelled Hibernation
Press: ? - help, Shift-Dir - straight line, f/p - hill giant
Aim: a hill giant, wielding a giant club (umbra, chance 32%)
The hill giant easily resists.
The hill giant hits you with a giant club!!
Ouch! That really hurt!
You die...

.# ...## . #.....### ##.#
## ##.......###O##.## .#
.#.../.....> ... .
....###...### #.##
###.....#......###..#
.....# #..#../.....# #
.....# ####..†C@...# .#
###..# #..###...###..###
.# .....
......#............. %#
.#..###..#.$#†.#......##.
##
##...5...#######.####.# #
......# .#..#.# .#...
###.....#....# ###..
.....###...# ...5.
#........#


You could see a hill giant.

Vanquished Creatures
  The ghost of Creepadon the Ducker, an experienced DDBe of Trog (D:6)
  A manticore (D:9)
  2 cyclopes
  The ghost of Ngotmuk the Pure, an average DsAK of Lugonu (D:5)
  2 trolls
  A boulder beetle (D:9)
  A human (D:7)
  A steam dragon (D:9)
  A deep elf mage (D:10)
  3 yaks (D:10)
  A hog (D:7)
  A water moccasin (D:10)
  Menkaure (D:4)
  A warg (D:9)
  2 orc warriors (D:9)
  4 ice beasts
  12 ogres
  The ghost of njord12 the Skirmisher, an average MiBe of Trog (D:4)
  A necrophage (D:9)
  2 phantoms
  3 sky beasts
  A wasp (D:8)
  4 centaurs
  2 big kobolds
  7 killer bees (D:8)
  2 scorpions
  4 giant frogs
  4 wights (D:7)
  8 crimson imps
  2 giant frog zombies
  A gnoll shaman (D:10)
  3 hounds
  A goliath beetle (D:8)
  A centaur skeleton (D:7)
  2 iguanas (D:6)
  2 jellies
  3 giant frog skeletons
  2 orc wizards
  8 worker ants
  3 sheep (D:7)
  Ijyb (D:3)
  2 hound zombies
  3 hound skeletons
  A worker ant zombie (D:7)
  2 gnolls (D:2)
  12 adders
  5 worms
  3 giant mites
  2 adder skeletons
  An ooze (D:1)
  25 orcs
  4 bats
  A bat skeleton (D:4)
  A bat zombie (D:5)
  7 giant cockroaches
  12 hobgoblins
  4 jackals (D:8)
  2 quokkas
  A ball python (D:7)
  9 giant geckos
  2 giant newts
  2 giant spores
  13 goblins
  22 kobolds
  14 rats
254 creatures vanquished.

Notes
Turn   | Place    | Note
--------------------------------------------------------------
     0 | D:1      | Nik3, the Spriggan Enchanter, began the quest for the Orb.
     0 | D:1      | Reached XP level 1. HP: 9/9 MP: 4/4
   592 | D:1      | Reached XP level 2. HP: 2/13 MP: 3/8
   635 | D:1      | Learned a level 2 spell: Ensorcelled Hibernation
  1026 | D:1      | Reached XP level 3. HP: 16/16 MP: 9/12
  1277 | D:2      | Reached skill level 5 in Spellcasting
  1633 | D:2      | Reached XP level 4. HP: 21/21 MP: 12/17
  2197 | D:2      | Found a snail-covered altar of Cheibriados.
  2225 | D:2      | Reached skill level 6 in Spellcasting
  2300 | D:3      | Noticed Ijyb
  2319 | D:2      | Reached skill level 5 in Stealth
  2319 | D:2      | Reached XP level 5. HP: 17/24 MP: 3/20
  2368 | D:3      | Killed Ijyb
  2523 | D:3      | Noticed an ogre
  2527 | D:3      | Killed an ogre
  2527 | D:3      | Reached XP level 6. HP: 28/28 MP: 5/22
  2748 | D:3      | Reached skill level 7 in Stealth
  2864 | D:3      | Noticed an ice beast
  3366 | D:4      | Noticed Menkaure
  3370 | D:4      | Killed Menkaure
  3370 | D:4      | Reached skill level 8 in Stealth
  3404 | D:4      | Noticed njord12's ghost (average MiBe)
  3437 | D:4      | Learned a level 3 spell: Confuse
  3459 | D:4      | Killed njord12's ghost
  3459 | D:4      | Reached skill level 9 in Stealth
  3459 | D:4      | Reached XP level 7. HP: 24/32 MP: 18/24
  3861 | D:4      | Found Xatitzam's Armour Boutique.
  3938 | D:4      | Reached skill level 10 in Stealth
  4162 | D:5      | Entered Level 5 of the Dungeon
  4162 | D:5      | Noticed Ngotmuk's ghost (average DsAK)
  4197 | D:5      | Reached skill level 11 in Stealth
  4197 | D:5      | Reached XP level 8. HP: 36/36 MP: 16/25
  4264 | D:5      | Reached skill level 5 in Dodging
  4273 | D:5      | Killed Ngotmuk's ghost
  4293 | D:5      | Learned a level 1 spell: Apportation
  4295 | D:5      | Learned a level 1 spell: Summon Butterflies
  4300 | D:5      | Learned a level 4 spell: Enslavement
  4415 | D:5      | Reached skill level 12 in Stealth
  4482 | D:5      | Found Wuarutza's Assorted Antiques.
  4616 | D:5      | Reached skill level 13 in Stealth
  4685 | D:5      | Found a bloodstained altar of Trog.
  4734 | D:6      | Noticed Creepadon's ghost (experienced DDBe)
  4766 | D:6      | Killed Creepadon's ghost
  4766 | D:6      | Reached skill level 5 in Hexes
  4766 | D:6      | Reached XP level 9. HP: 26/39 MP: 21/26
  5255 | D:6      | Found Liydgheid's Luxury Loot.
  5273 | D:6      | Bought a potion of lignification for 33 gold pieces
  5526 | D:7      | Reached skill level 1 in Shields
  5915 | D:7      | Found a basalt altar of Yredelemnul.
  6007 | D:7      | Found a shimmering altar of Xom.
  6020 | D:7      | Reached skill level 14 in Stealth
  6074 | D:7      | Found a shattered altar of Ashenzari.
  6077 | D:7      | Found a burning altar of Makhleb.
  6078 | D:7      | Found a glowing silver altar of Zin.
  6481 | D:8      | Reached skill level 5 in Short Blades
  6504 | D:8      | Found a blossoming altar of Fedhas.
  6910 | D:8      | Reached XP level 10. HP: 44/44 MP: 17/28
  7170 | D:9      | Found a staircase to the Orcish Mines.
  7182 | D:9      | Reached skill level 15 in Stealth
  7415 | D:9      | Noticed a manticore
  7468 | D:9      | Noticed a cyclops
  7554 | D:9      | Killed a cyclops
  7582 | D:9      | Killed a manticore
  7582 | D:9      | Reached skill level 16 in Stealth
  7832 | D:9      | Found a sacrificial altar of Ru.
  7832 | D:9      | Found a shadowy altar of Dithmenos.
  7842 | D:9      | Became a worshipper of Dithmenos the Shadowed
  8133 | D:10     | Entered Level 10 of the Dungeon
  8196 | D:10     | Found a glowing golden altar of the Shining One.
  8276 | D:10     | Found a flagged portal.
  8433 | D:10     | Noticed a hill giant
  8436 | D:10     | Reached skill level 10 in Dodging
  8492 | D:10     | Reached XP level 11. HP: 28/46 MP: 1/31
  8543 | D:10     | Found a staircase to the Lair.
  8591 | D:10     | Noticed a cyclops
  8619 | D:10     | Killed a cyclops
  8663 | D:10     | Noticed an unseen horror
  8787 | D:10     | Slain by a hill giant

Action                   |  1- 3 |  4- 6 |  7- 9 | 10-12 || total
-------------------------+-------+-------+-------+-------++-------
Melee: Dagger            |    70 |   122 |   300 |   138 ||   630
 Cast: Corona            |     9 |     3 |       |       ||    12
       Ensorcelled Hiber |    14 |    52 |   100 |    87 ||   253
       Confuse           |       |     2 |    15 |     6 ||    23
Evoke: Wand              |       |       |       |     4 ||     4
  Use: Scroll            |       |     3 |     4 |     2 ||     9
       Potion            |       |       |       |     3 ||     3
 Stab: Sleeping          |    16 |    39 |    88 |    55 ||   198
       Confused          |       |     2 |    13 |     2 ||    17
       Distracted        |       |       |     1 |     1 ||     2
  Eat: Bread ration      |       |     1 |       |       ||     1
       Fruit             |       |       |       |     3 ||     3
